 Dungeon Crawl Stone Soup version 0.23-a0-671-g42e8185 (webtiles) character file.

2714 zishaf the Sneak (level 9, -17/55 HPs)
             Began as a Kobold Artificer on Jan 9, 2019.
             Was a Believer of Wu Jian.
             Killed from afar by an orc wizard (18 damage)
             ... with a wand of acid (6)
             ... on level 8 of the Dungeon.
             The game lasted 00:21:45 (10336 turns).

zishaf the Sneak (Kobold Artificer)                Turns: 10336, Time: 00:21:46

Health: -17/55     AC:  3    Str: 10    XL:     9   Next: 98%
Magic:  12/12      EV: 17    Int: 15    God:    Wu Jian [**....]
Gold:   511        SH:  9    Dex: 20    Spells: 5/8 levels left

rFire    + . .     SeeInvis .   a - +1 short sword
rCold    + . .     Gourm    .   o - +2 buckler {rC+ rF+}
rNeg     . . .     Faith    +   y - quicksilver dragon scales
rPois    +         Spirit   .   (no helmet)
rElec    .         Reflect  .   (no cloak)
rCorr    .         Harm     .   n - +1 pair of gloves
MR       +....                  (no boots)
Stlth    +++.......             i - amulet of faith
HPRegen  0.18/turn              v - ring of poison resistance
MPRegen  0.13/turn              A - ring of Mosowik {+Fly Int+3 Dex+2}

@: corroded
A: small, carnivore
a: Wall Jump, Renounce Religion, Evoke Flight


You were on level 8 of the Dungeon.
You worshipped Wu Jian.
Wu Jian was pleased with you.
You were very full.

You visited 2 branches of the dungeon, and saw 9 of its levels.

You collected 511 gold pieces.

Inventory:

Hand Weapons
 a - a +1 short sword (weapon)
 b - a +0 hunting sling
Missiles
 g - 105 stones (quivered)
 r - 30 sling bullets
Armour
 n - a +1 pair of gloves (worn)
 o - a +2 buckler of resistance (worn)
 y - quicksilver dragon scales (worn)
 L - +0 gold dragon scales
Jewellery
 c - an uncursed ring of protection from cold
 i - an amulet of faith (around neck)
 l - an uncursed ring of ice
 v - a ring of poison resistance (left hand)
 w - an uncursed amulet of magic regeneration
 A - the ring of Mosowik (right hand) {+Fly Int+3 Dex+2}
   (You found it on level 4 of the Dungeon)

   [ring of intelligence]

   It affects your intelligence (+3).
   It affects your dexterity (+2).
   It lets you fly.
 J - an uncursed ring of protection from magic
 K - an uncursed amulet of harm {unknown}
Wands
 d - a wand of enslavement (13)
 e - a wand of random effects (11)
Scrolls
 h - a scroll of remove curse
 x - a scroll of blinking {unknown}
 B - a scroll of enchant armour
 D - a scroll of teleportation
 G - a scroll of amnesia
 H - 2 scrolls of enchant weapon
Potions
 j - a potion of degeneration {unknown}
 k - a potion of brilliance {unknown}
 m - a potion of lignification {unknown}
 p - a potion of berserk rage {unknown}
 q - a potion of invisibility {unknown}
 s - 3 potions of heal wounds
 t - 4 potions of curing
 u - a potion of magic
 F - a potion of might
 I - 3 potions of resistance
Comestibles
 f - 12 rations


   Skills:
 + Level 5.7 Fighting
 + Level 7.1 Short Blades
 - Level 1.0 Armour
 + Level 6.8 Dodging
 + Level 7.4 Stealth
 + Level 5.0 Shields
 + Level 3.1 Hexes
 - Level 4.0 Evocations


You had 5 spell levels left.
You knew the following spells:

 Your Spells              Type           Power        Failure   Level  Hunger
a - Confuse               Hex            #.......     52%         3    ####...

Your spell library contained the following spells:

 Spells                   Type           Power        Failure   Level  Hunger
 Corona                   Hex            #......      21%         1    ##.....
 Ensorcelled Hibernation  Hex/Ice        #.....       52%         2    ###....
 Tukima's Dance           Hex            #.......     52%         3    ####...
 Dazzling Spray           Conj/Hex       #.....       75%         3    ####...


Dungeon Overview and Level Annotations

Branches:
Dungeon (8/15)             Temple (1/1) D:4
   Lair: D:8-11

Altars:
Ashenzari
Cheibriados
Dithmenos
Elyvilon
Fedhas
Gozag
Hepliaklqana
Kikubaaqudgha
Makhleb
Nemelex Xobeh
Okawaru
Qazlal
Trog
Uskayaw
Vehumet
Wu Jian
Xom
Yredelemnul
Zin
The Shining One

Shops:
D:5 (


Innate Abilities, Weirdness & Mutations

You are small and have problems with some larger weapons.
You are carnivorous and can eat meat at any time.


Message History

You hit something but do no damage. Something completely misses you.
Evoke which item? (* to show all) (? for menu, Esc to quit)
Okay, then.
You miss something. You closely miss something.
You hear a zap.
A bolt of acid appears from out of thin air!
The bolt of acid misses you.
You miss something. Something hits you but does no damage.
You barely miss something.
You hear some strange, mumbled words.
A magic dart appears from out of thin air!
The magic dart hits you!
* * * LOW HITPOINT WARNING * * *
You closely miss something. You hit something but do no damage.
You hear a zap.
A bolt of acid appears from out of thin air!
The bolt of acid hits you!
You die...

.#######
#......(((...#
#.(..........#
##(...[......[####
#...(.............
#.#.(.............
# ##.(..(......#
##........##.F
#....{.....#
#.....@....#
#..........#
#..<.......#
#........).#
##........##
##......##
########


There were no monsters in sight!

Vanquished Creatures
  Grinder (D:4)
  A spriggan (D:7)
  Grum (D:7)
  2 hungry ghosts (D:7)
  2 wolves (D:7)
  2 phantoms
  An ogre (D:7)
  3 centaurs
  3 bullfrogs (D:7)
  2 killer bees (D:7)
  A howler monkey (D:3)
  2 crimson imps
  2 bullfrog zombies
  4 hounds
  3 orc priests
  An iguana (D:6)
  3 orc wizards
  2 bullfrog skeletons
  2 centaur skeletons
  6 worker ants
  A hound skeleton (D:7)
  A worker ant zombie (D:5)
  3 gnolls (D:6)
  12 adders
  2 oozes
  An adder zombie (D:7)
  2 adder skeletons
  4 worms
  4 leopard geckos
  8 orcs
  3 ball pythons
  8 giant cockroaches
  5 goblins
  12 hobgoblins
  16 jackals
  7 kobolds
  A quokka (D:7)
  10 bats
  2 frilled lizards
  A quokka skeleton (D:5)
  A quokka zombie (D:7)
  8 rats
156 creatures vanquished.

Vanquished Creatures (collateral kills)
  An adder (D:7)
  An orc (D:5)
2 creatures vanquished.

Vanquished Creatures (others)
  A wolf (D:7)
  A giant cockroach (D:3)
  A quokka (D:3)
  2 toadstools (D:6)
5 creatures vanquished.

Grand Total: 163 creatures vanquished

Notes
Turn   | Place    | Note
-------+----------+-------------------------------------------
     0 | D:1      | zishaf the Kobold Artificer began the quest for the Orb.
     0 | D:1      | Reached XP level 1. HP: 12/12 MP: 3/3
   159 | D:1      | Reached XP level 2. HP: 4/16 MP: 4/4
   730 | D:1      | Reached XP level 3. HP: 16/20 MP: 5/5
  1587 | D:2      | Reached XP level 4. HP: 26/26 MP: 7/7
  1653 | D:2      | Found a burning altar of Makhleb.
  1658 | D:2      | Found a glowing silver altar of Zin.
  1658 | D:2      | Noticed an angel
  1659 | D:2      | Noticed an Executioner
  1816 | D:2      | Found a shattered altar of Ashenzari.
  2135 | D:2      | Reached skill level 1 in Shields
  2876 | D:2      | Found a burning altar of Makhleb.
  2881 | D:2      | Found a glowing silver altar of Zin.
  2916 | D:2      | Found a shattered altar of Ashenzari.
  3386 | D:2      | Found a shattered altar of Ashenzari.
  3621 | D:2      | Reached XP level 5. HP: 29/30 MP: 8/8
  4409 | D:3      | Found a white marble altar of Elyvilon.
  4455 | D:3      | Reached XP level 6. HP: 36/36 MP: 9/9
  4462 | D:3      | Became a worshipper of Elyvilon the Healer
  4959 | D:3      | Reached skill level 1 in Armour
  5171 | D:4      | Found a snail-covered altar of Cheibriados.
  5196 | D:4      | Found a shadowy altar of Dithmenos.
  5334 | D:4      | Noticed Grinder
  5545 | D:4      | Reached XP level 7. HP: 30/40 MP: 10/10
  5656 | D:4      | Found a staircase to the Ecumenical Temple.
  5688 | Temple   | Entered the Ecumenical Temple
  5813 | Temple   | Fell from the grace of Elyvilon
  5813 | Temple   | Became a worshipper of the Wu Jian Council
  6063 | D:4      | Got a fine glass ring
  6064 | D:4      | Identified the ring of Mosowik {+Fly Int+3 Dex+2} (You
                  | found it on level 4 of the Dungeon)
  6192 | D:4      | Found an ancient bone altar of Kikubaaqudgha.
  6192 | D:4      | Found a bloodstained altar of Trog.
  6217 | D:5      | Entered Level 5 of the Dungeon
  6418 | D:5      | Found Nuxug's Antique Weapon Boutique.
  7347 | D:6      | Reached XP level 8. HP: 44/48 MP: 11/11
  7426 | D:6      | Reached skill level 5 in Stealth
  7582 | D:6      | Reached * piety under Wu Jian
  7582 | D:6      | Reached skill level 5 in Short Blades
  7582 | D:6      | Reached skill level 5 in Dodging
  7855 | D:6      | Found a stormy altar of Qazlal.
  7925 | D:6      | Found a shimmering altar of Xom.
  7926 | D:6      | Found a hazy altar of Hepliaklqana.
  7927 | D:6      | Noticed a spectral ugly thing
  8048 | D:6      | Found a shadowy altar of Dithmenos.
  8357 | D:7      | Learned a level 3 spell: Confuse
  8758 | D:7      | Reached skill level 1 in Hexes
  8885 | D:7      | Reached XP level 9. HP: 52/52 MP: 12/12
  9026 | D:7      | Reached skill level 5 in Fighting
  9376 | D:4      | Killed Grinder
  9379 | D:4      | Found a stormy altar of Qazlal.
  9642 | D:7      | Reached ** piety under Wu Jian
  9965 | D:8      | Noticed Grum
 10084 | D:7      | Killed Grum
 10281 | D:7      | Reached skill level 5 in Shields
 10334 | D:8      | HP: 1/55 [something/magic dart (7)]
 10336 | D:8      | Killed from afar by an orc wizard

Vault maps used:
D:1:      dpeg_arrival_stone_temple_mockup
D:2:      grunt_temple_overflow_order_and_chaos_2, nicolae_ashenzari_panopticon,
          minmay_pentomino_r2
D:3:      elyvilon_altar_4
D:4:      lemuel_crystal_altar, lemuel_round_altar,
          nicolae_overflow_hidden_temple, temple_pool_b, serial_park,
          serial_park_square3, serial_park_tiny_2, serial_park_tiny_2,
          serial_park_square1, uniq_grinder
D:5:      first_ration, serial_shops, kennysheep_mini_moat
D:6:      regret_index_temple_of_mockery, basic_altar, minmay_gold_behind_fungi,
          nicolae_qazlal_eye_of_the_storm
D:7:      the_bakery, kennysheep_generic_room_5
D:8:      lemuel_doored_altar, old_standard_altar, kennysheep_small_square,
          uniq_grum
Temple:   jpeg_temple_clearing

Skill      XL: |  1  2  3  4  5  6  7  8  9 |
---------------+----------------------------+-----
Stealth        | 2 3 4 6 7 |  7.4
Short Blades   | 2 3 4 5 7 |  7.1
Evocations     | 4 |  4.0
Dodging        | 3 4 5 6 |  6.8
Fighting       | 2 3 4 5 |  5.7
Shields        | 1 2 3 4 5 |  5.0
Armour         | 1 |  1.0
Hexes          | 1 3 |  3.1

Action                   |  1- 3 |  4- 6 |  7- 9 || total
-------------------------+-------+-------+-------++-------
Melee: Short sword       |    81 |   242 |   506 ||   829
 Fire: Hunting sling     |    34 |   126 |    96 ||   256
Invok: Lunge             |       |       |    16 ||    16
       Whirlwind         |       |       |     8 ||     8
Evoke: Wand              |       |    13 |    19 ||    32
  Use: Scroll            |       |     2 |    10 ||    12
 Stab: Sleeping          |     5 |     1 |     7 ||    13
       Paralysed         |       |       |     2 ||     2
  Eat: Chunk             |    10 |    13 |    20 ||    43
       Ration            |       |       |     3 ||     3
Armor: Leather armour    |    26 |       |       ||    26
       Ring mail         |       |    55 |    49 ||   104
       Quicksilver drago |       |       |    30 ||    30
Dodge: Dodged            |    62 |   124 |   295 ||   481
Block: Buckler           |     2 |    61 |   157 ||   220

Table legend:
 A = Non-vault XP
 B = Vault XP
 C = Vault XP percentage of total XP
 D = Non-vault monster count
 E = Vault monster count
 F = Vault count percentage of total count
                 A         B        C        D         E       F
            +---------+---------+-------+---------+---------+-------
      Total |    2732 |    1146 |  29.6 |     144 |      14 |   8.9
            +---------+---------+-------+---------+---------+-------
        D:1 |      51 |       0 |   0.0 |      27 |       0 |   0.0
        D:2 |     169 |       3 |   1.7 |      25 |       2 |   7.4
        D:3 |     161 |       0 |   0.0 |      24 |       0 |   0.0
        D:4 |     131 |     335 |  71.9 |      12 |       7 |  36.8
        D:5 |     433 |       0 |   0.0 |      17 |       0 |   0.0
        D:6 |     558 |       0 |   0.0 |      14 |       0 |   0.0
        D:7 |    1093 |     808 |  42.5 |      21 |       5 |  19.2
        D:8 |     136 |       0 |   0.0 |       4 |       0 |   0.0
            +---------+---------+-------+---------+---------+-------
